[Event "Early-Titled-Tuesday-Blitz-October-03-2023"]
[Site "Chess.com"]
[Date "2023.10.03"]
[Round "6"]
[White "dadice10"]
[Black "Quattroporte300"]
[Result "0-1"]
[WhiteElo "2164"]
[BlackElo "2383"]
[TimeControl "180+1"]
[EndTime "9:08:10 PDT"]
[Termination "Quattroporte300 won on time"]

1. e4 c5 2. Nc3 a6 3. Nge2 b5 4. g3 Bb7 5. Bg2 b4 6. Na4 e6 7. d4 cxd4 8. Nxd4 Nf6 9. O-O d5 10. exd5 Nxd5 11. Re1 Be7 12. a3 bxa3 13. b3 O-O 14. c4 e5 15. Nf5 Bb4 16. Bxd5 Bxd5 17. cxd5 Bxe1 18. Qxe1 Re8 19. Qe4 Nd7 20. Nd6 Nf6 21. Qe3 Qxd6 22. Bxa3 Qxd5 23. Nb6 Qd4 24. Qxd4 exd4 25. Nxa8 Rxa8 26. Bb2 d3 27. Bxf6 gxf6 28. Kf1 Rb8 29. Ke1 Rxb3 30. Kd2 Rb2+ 31. Kxd3 Rxf2 32. Rxa6 Kg7 33. Ke3 Rxh2 34. Kf3 Rh5 35. Kg4 Rc5 36. Kf4 Kg6 37. g4 Rc4+ 38. Kg3 Re4 39. Ra5 Re5 40.
Ra8 f5 41. Rg8+ Kf6 42. g5+ Ke6 43. Re8+ Kd5 44. Rf8 Re4 45. Rxf7 Rg4+ 46. Kf3 Rxg5 47. Rxh7 Rg1 48. Rh5 Ke5 49. Rh8 Rf1+ 50. Ke2 Ra1 51. Kf3 Ra3+ 52. Kf2 Ke4 53. Rb8 Ra2+ 54. Kf1 Kf3 55.
Rb3+ Kg4 56. Rb8 f4 57. Rb3 Rc2 58. Ra3 Rb2 59. Rc3 Rb1+ 60. Kf2 Rb2+ 61. Kf1 Rb8 62. Ra3 Re8 63. Rb3 Re4 64. Ra3 f3 65. Ra8 Kf4 66. Rb8 Rd4 0-1

[Event "Early-Titled-Tuesday-Blitz-October-03-2023"]
[Site "Chess.com"]
[Date "2023.10.03"]
[Round "6"]
[White "elcala"]
[Black "MajorCoast"]
[Result "0-1"]
[WhiteElo "1725"]
[BlackElo "2260"]
[TimeControl "180+1"]
[EndTime "9:08:10 PDT"]
[Termination "MajorCoast won on time"]

1. d4 g6 2. Nf3 Bg7 3. Bf4 c5 4. e3 Nc6 5. c3 cxd4 6. cxd4 d5 7. Nc3 Bf5 8. Bd3 Bxd3 9. Qxd3 a6 10. O-O Rc8 11.
Rac1 Nf6 12. a3 e6 13. Ne5 Nxe5 14. Bxe5 O-O 15. Ne2 Ng4 16. Bxg7 Kxg7 17. h3 Nh6 18.
Rc3 Rxc3 19. Qxc3 Qc8 20. Rc1 Qxc3 21. Rxc3 Nf5 22. Rc7 Rb8 23. Nc3 Nd6 24. b3 Kf8 25.
Rd7 Nf5 26. Rc7 Ke8 27. Na4 Nd6 28.
Nc5 Nb5 29. Rxb7 Rxb7 30. Nxb7 Nxa3 31. Nc5 a5 32. Nb7 Kd7 33. Nxa5 Kc7 34. Kf1 Kb6 35.
b4 Nc2 36. Ke2 Nxb4 37. Nb3 Nc6 38. Nc5 Kc7 39. Kf3 Kd6 40. Kf4 Ke7 41. Kg5 h5 42. g4 hxg4 43. hxg4 Nb4 44. Kf4 f6 45. Kg3 Nc2 46. Kf3 Ne1+ 47. Ke2 Ng2 48. Kf3 Nh4+ 49.
Kg3 g5 50. f4 Ng6 51. Nd3 Kd6 52.
fxg5 fxg5 53. Kf3 Ke7 54. e4 Nh4+ 55. Ke3 Kd6 56. exd5 Kxd5 57. Ne5 Ng2+ 58. Kf3 Ne1+ 59. Ke3 Nc2+ 60. Kd3 Nxd4 61. Nf7 Nf3 62. Ke3 Ne5 63. Nxg5 Nxg4+ 64. Kf4 e5+ 65. Kf3 Nf6 0-1

[Event "Early-Titled-Tuesday-Blitz-October-03-2023"]
[Site "Chess.com"]
[Date "2023.10.03"]
[Round "6"]
[White "sokidze"]
[Black "Dixit_Nikhil"]
[Result "1-0"]
[WhiteElo "2793"]
[BlackElo "2638"]
[TimeControl "180+1"]
[EndTime "9:08:12 PDT"]
[Termination "sokidze won by checkmate"]

1. e4 c5 2. Nf3 Nc6 3. Bb5 g6 4. O-O Bg7 5. Re1 e5 6. Bxc6 dxc6 7. d3 Qc7 8. Be3 b6 9. a3 Nf6 10. h3 a5 11. Nbd2 O-O 12. b4 cxb4 13. axb4 a4 14.
Nc4 Nd7 15. d4 exd4 16. Bxd4 Ba6 17. Bxg7 Kxg7 18. Qd4+ Kg8 19. Nce5 Nxe5 20. Nxe5 Bc8 21. h4 h5 22. Nd3 Be6 23. Qc3 Rfd8 24. f4 b5 25. Kh1 Rxd3 26. cxd3 Qxf4 27. Qxc6 Rc8 28. Qb6 Qxh4+ 29. Kg1 Qg3 30. Qe3 Qg4 31. Rac1 Rxc1 32. Rxc1 h4 33. Kh2 a3 34. d4 Bc4 35. d5 a2 36. d6 Qd7 37. e5 Qe6 38. Rd1 Qd7 39. Qd4 Be6 40. Qxh4 Qa7 41. Qe1 Qb7 42. Qe3 Qc6 43.
Kg1 Qa6 44. Qc3 Qa7+ 45. Kh1 Qf2 46. Ra1 Qh4+ 47. Kg1 Qe4 48. Qe1 Qd4+ 49. Kh1 Qc4 50. Rc1 Qd5 51. Rd1 Qb3 52. d7 Bxd7 53. Rxd7 Qc4 54.
Rd1 Qc2 55. e6 fxe6 56. Qxe6+ Kh7 57. Qe7+ Kh6 58. Qh4+ Kg7 59. Rd7+ Kf8 60. Qd8# 1-0

[Event "Early-Titled-Tuesday-Blitz-October-03-2023"]
[Site "Chess.com"]
[Date "2023.10.03"]
[Round "6"]
[White "FM_Kappeler"]
[Black "Flaccidmoves"]
[Result "0-1"]
[WhiteElo "2281"]
[BlackElo "2465"]
[TimeControl "180+1"]
[EndTime "9:08:12 PDT"]
[Termination "Flaccidmoves won on time"]

1. d4 Nf6 2. c4 g6 3. Nc3 d5 4. cxd5 Nxd5 5. e4 Nxc3 6. bxc3 Bg7 7. Nf3 O-O 8. Rb1 c5 9. h3 Nc6 10. d5 Bxc3+ 11. Bd2 Bxd2+ 12. Qxd2 Nd4 13. Nxd4 cxd4 14.
Bc4 e5 15. O-O Qh4 16. f4 exf4 17. Rxf4 Qg5 18. Ra1 Bd7 19. h4 Qe5 20. Raf1 Rac8 21. Bb3 Rc3 22. Rf6 Qxe4 23. d6 Qe3+ 24. Qxe3 dxe3 25.
Rxf7 Rxf7 26. Bxf7+ Kg7 27. Bb3 Bf5 28. d7 Rd3 29. g4 Bxg4 30. Rf7+ Kh6 31. Re7 e2 32. Kf2 Rf3+ 33. Kxe2 Rxb3+ 34. Kd2 Rb1 35. d8=Q Rd1+ 36.
Ke3 Rxd8 37. Rxb7 Rd1 38. Rxa7 Re1+ 39. Kf4 Bh5 40. a4 Rf1+ 41. Kg3 Rf3+ 42. Kg2 Ra3 43.
a5 Be2 44. Kf2 Bb5 45. Ke1 Kh5 46. Rxh7+ Kg4 47. Kd2 Rxa5 48. Rh6 Kf5 49. h5 g5 50.
Rh8 Ra3 51. h6 Rh3 52. h7 Bd7 53. Rd8 Rxh7 54. Ke3 Re7+ 55. Kf2 Be6 56. Kg3 Ke5 57.
Ra8 Bf5 58. Ra5+ Kf6 59. Ra4 Re6 60. Ra7 Re3+ 61. Kf2 Rb3 62. Ra6+ Ke5 63. Ra5+ Kf4 64. Ra4+ Be4 65. Ra5 Rb2+ 66. Kg1 g4 67. Ra3 g3 0-1

[Event "Early-Titled-Tuesday-Blitz-October-03-2023"]
[Site "Chess.com"]
[Date "2023.10.03"]
[Round "6"]
[White "Byniolus"]
[Black "Journey_to_GrandMaster_YT"]
[Result "0-1"]
[WhiteElo "2735"]
[BlackElo "2583"]
[TimeControl "180+1"]
[EndTime "9:08:16 PDT"]
[Termination "Journey_to_GrandMaster_YT won on time"]

1. d4 d6 2. Nf3 Nf6 3. Bf4 g6 4. h3 Bg7 5. e3 O-O 6. Be2 Nbd7 7.
O-O b6 8. c3 Bb7 9. Nbd2 e6 10.
Bh2 Qe7 11. a4 a6 12. Qb3 Ne4 13. Rfd1 Nxd2 14. Nxd2 e5 15. Bf3 Bxf3 16. Nxf3 Rfe8 17. Qc4 Ra7 18. Bg3 a5 19. Qb5 h6 20. Nd2 Raa8 21.
Nc4 g5 22. Qc6 Rac8 23. b4 axb4 24. cxb4 exd4 25. exd4 Nf6 26. a5 bxa5 27. bxa5 Ne4 28.
a6 Nxg3 29. fxg3 Qe4 30. Qxe4 Rxe4 31. Kh2 Rxd4 32. Rxd4 Bxd4 33. Ra4 Ba7 34. Rb4 d5 35. Ne5 Bb6 36. Nd7 Ra8 37. Nxb6 cxb6 38. Rxb6 Kg7 39. g4 Ra7 40. Kg3 Re7 41. Kf3 Re4 42. a7 Ra4 43.
Rb7 Ra3+ 44. Ke2 Kg6 45. Kd2 Kf6 46. Kc2 Ra5 47. Kb3 Ra1 48. Kb4 Ke5 49. Kc5 Rc1+ 50. Kb6 Ra1 51. Rxf7 d4 52. Re7+ Kf4 53. Kb7 d3 54.
Re6 Rb1+ 55. Rb6 Ra1 56. Rd6 Ke3 57. a8=Q Rxa8 58. Kxa8 d2 59. Kb7 Ke2 60. Kc6 d1=Q 61. Rxd1 Kxd1 62. Kd5 Ke2 63. Ke4 Kf2 0-1

[Event "Early-Titled-Tuesday-Blitz-October-03-2023"]
[Site "Chess.com"]
[Date "2023.10.03"]
[Round "6"]
[White "karinachess1"]
[Black "CarlosjPineror"]
[Result "1/2-1/2"]
[WhiteElo "2626"]
[BlackElo "2508"]
[TimeControl "180+1"]
[EndTime "9:08:18 PDT"]
[Termination "Game drawn - insufficient material"]

1. d4 Nf6 2. c4 g6 3. Nc3 Bg7 4. g3 O-O 5. Bg2 c5 6. Nf3 cxd4 7. Nxd4 Nc6 8. Nc2 d6 9. O-O Bf5 10. Ne3 Bd7 11. b3 Rc8 12. Bb2 a6 13. Qd2 Re8 14. Ncd5 Nxd5 15. cxd5 Ne5 16. f4 Ng4 17. Bxg7 Kxg7 18. Qd4+ f6 19. Nc4 Nh6 20. e4 b5 21. Ne3 Qc7 22. h3 Qc3 23. Qxc3 Rxc3 24. Kf2 Rec8 25. Rfe1 Nf7 26. Rad1 b4 27. Bf1 a5 28. h4 a4 29. Bc4 h5 30. Rd2 axb3 31.
axb3 Bg4 32. Nxg4 hxg4 33. Re3 Rxe3 34. Kxe3 Nd8 35. Rd4 Nb7 36. Rd1 Ra8 37. Kd4 Nc5 38. e5 fxe5+ 39. fxe5 Ra2 40. exd6 exd6 41. Re1 Rg2 42.
Re7+ Kf6 43. Rc7 Rxg3 44. Rc6 Ke7 45. Rc7+ Kd8 46. Rg7 Rh3 47. Rxg6 Ke7 48. Rxg4 Nxb3+ 49. Bxb3 Rxb3 50. Kc4 Rb1 51. h5 b3 52. Rh4 b2 53.
Kb3 Kf7 54. h6 Kg8 55. h7+ Kh8 56. Kc2 Rd1 57. Kxb2 Rxd5 58. Kc3 Rg5 59. Kd4 Ra5 60. Rh1 Re5 61. Kc4 Rf5 62. Kd4 Rg5 63. Kc4 Rc5+ 64.
Kd4 Ra5 65. Ke4 Ra4+ 66. Kd5 Ra7 67. Kxd6 Rxh7 68. Rxh7+ Kxh7 1/2-1/2

[Event "Early-Titled-Tuesday-Blitz-October-03-2023"]
[Site "Chess.com"]
[Date "2023.10.03"]
[Round "6"]
[White "Gyulamiryan-koryun"]
[Black "ajedrez-facil"]
[Result "1/2-1/2"]
[WhiteElo "2003"]
[BlackElo "2270"]
[TimeControl "180+1"]
[EndTime "9:08:22 PDT"]
[Termination "Game drawn by repetition"]

1. e4 c5 2. Nf3 d6 3. d4 cxd4 4. Nxd4 Nf6 5. Nc3 g6 6. Be3 Bg7 7. Qd2 O-O 8. f3 Nc6 9. O-O-O Nxd4 10. Bxd4 Be6 11. Kb1 Qc7 12. Be3 Rfc8 13. Bh6 a6 14. Bxg7 Kxg7 15. g4 b5 16. h4 h5 17. gxh5 Nxh5 18.
Qd4+ Kh7 19. Rc1 Qc5 20. Ne2 Bc4 21. c3 Qxd4 22. cxd4 Bxe2 23. Bxe2 Ng3 24. Rhe1 Nxe2 25. Rxe2 Rxc1+ 26. Kxc1 Rc8+ 27. Kd2 Kh6 28. Ke3 Kh5 29.
Kf4 Rc1 30. Rg2 Rd1 31. d5 Rc1 32. a3 a5 33. Kg3 b4 34. axb4 axb4 35. Rd2 Rg1+ 36.
Kf2 Rh1 37. Kg2 Rb1 38. Kg3 f6 39. f4 Rg1+ 40. Kh2 Rf1 41. Kg3 Rb1 42. Kh3 Rh1+ 43. Kg3 Rxh4 44. Rd4 Rg4+ 45. Kf3 Rh4 46. Rxb4 Rh3+ 47.
Kg2 Rd3 48. Rb7 Kg4 49. Kf2 Kxf4 50. Rxe7 Rd2+ 51. Ke1 Rxb2 52. Re6 Rg2 53. Rxf6+ Kxe4 54. Rxd6 Ke5 55. Rd8 Rg1+ 56. Kf2 Rg4 57. Kf3 Rf4+ 58. Kg3 Rd4 59. Rg8 Kf5 60. Rf8+ Kg5 61. Rd8 Rd3+ 62. Kf2 Kg4 63. Rg8 g5 64. Rd8 Rd4 65. d6 Rd2+ 66. Ke3 Rd1 67. Ke4 Kg3 68. d7 g4 69. Ke5 Kg2 70. Ke6 Re1+ 71. Kd6 Rd1+ 72. Ke6 Re1+ 73.
Kd6 Rd1+ 74. Ke6 1/2-1/2

[Event "Early-Titled-Tuesday-Blitz-October-03-2023"]
[Site "Chess.com"]
[Date "2023.10.03"]
[Round "6"]
[White "dropstoneDP"]
[Black "Zohid6"]
[Result "1-0"]
[WhiteElo "3116"]
[BlackElo "2799"]
[TimeControl "180+1"]
[EndTime "9:08:26 PDT"]
[Termination "dropstoneDP won by resignation"]

1. e4 e6 2. d4 d5 3. Nc3 Nf6 4.
e5 Nfd7 5. f4 c5 6. Nf3 Nc6 7. Be3 Qb6 8. Na4 Qa5+ 9. c3 b6 10.
Bd2 c4 11. b4 Nxb4 12. cxb4 Bxb4 13. Bxb4 Qxb4+ 14. Kf2 b5 15. Nc5 Nxc5 16. dxc5 Qxc5+ 17. Qd4 Qxd4+ 18. Nxd4 b4 19. a3 b3 20. Ke3 a5 21.
Kd2 Bd7 22. Kc3 f6 23. Be2 O-O 24. Rhf1 Rab8 25. Rab1 a4 26. Bg4 Rb6 27. g3 h6 28.
Bh3 Kf7 29. Rb2 Ke7 30. Re1 f5 31. Rf1 g5 32. Bg2 Rg8 33. Bf3 Rbb8 34. Rg2 Rbf8 35. Bd1 Rg7 36. Rgf2 Rfg8 37. g4 gxf4 38. gxf5 exf5 39.
Rxf4 Rg1 40. Be2 Rxf1 41. Bxf1 Rg1 42. Rf3 Be6 43. Rf4 h5 44. Rf2 h4 45. Rf4 h3 46.
Rf3 Rh1 47. Rf2 Kd7 48. Bxh3 Ra1 49. Bxf5 Bxf5 50. Rxf5 Rxa3 51. e6+ Kd6 52. Re5 Kxe5 53. e7 b2+ 54. Kxb2 Rh3 55. e8=Q+ Kxd4 56. Qe2 a3+ 57. Ka2 Re3 58. Qd2+ Rd3 59. Qf4+ Kc5 60. h4 d4 61.
h5 c3 62. Qc7+ Kd5 63. Qb7+ Kc4 64. Qa6+ Kb4 65. Qxd3 Kc5 66. h6 c2 67. Qxc2+ Kb4 68.
Qd2+ Kc4 69. h7 d3 70. h8=Q 1-0

[Event "Early-Titled-Tuesday-Blitz-October-03-2023"]
[Site "Chess.com"]
[Date "2023.10.03"]
[Round "6"]
[White "ChessQueen"]
[Black "hellokostya"]
[Result "1/2-1/2"]
[WhiteElo "2723"]
[BlackElo "2552"]
[TimeControl "180+1"]
[EndTime "9:08:37 PDT"]
[Termination "Game drawn - insufficient material"]

1. e4 c5 2. c3 Nf6 3. e5 Nd5 4. Nf3 e6 5. d4 cxd4 6. cxd4 d6 7. Bc4 Be7 8. O-O O-O 9. Qe2 Nd7 10. Bxd5 exd5 11.
Nc3 Nb6 12. h3 Be6 13. b3 Rc8 14. Bd2 Re8 15. Qd3 Qd7 16. Rfe1 h6 17. Rac1 a6 18. exd6 Bxd6 19. Ne5 Qd8 20. Bf4 Qf6 21. Qg3 Ba3 22.
Rc2 Bf5 23. Rce2 Bb4 24. Re3 Kh7 25. R1e2 g5 26. Ng4 Bxg4 27. Be5 Rxe5 28. dxe5 Qe6 29. hxg4 d4 30. Ne4 dxe3 31. Nf6+ Kg7 32. Qxe3 Nd5 33. Nh5+ Kf8 34. Qe4 Be7 35. Qh7 Qg6 36. Qh8+ Qg8 37. Qxh6+ Ke8 38. e6 Rc1+ 39. Kh2 fxe6 40. Rxe6 Kd7 41.
Rg6 Qb8+ 42. Ng3 Rc6 43. Rxc6 bxc6 44. Qh7 Qe5 45. Qd3 a5 46. a4 Bd6 47. Qh7+ Qe7 48. Qf5+ Kc7 49. Kh3 Nf4+ 50. Kh2 Nd5 51. Qg6 Bxg3+ 52.
fxg3 Qe5 53. Qf7+ Kb6 54. Qf2+ c5 55. Qf8 Nc7 56. Qb8+ Kc6 57. Qf8 Qd5 58. Qf6+ Kb7 59. Qf3 Qxf3 60. gxf3 Kc6 61. f4 Ne6 62. fxg5 Nxg5 63.
Kg2 Kd6 64. Kf2 Ke5 65. Ke3 Ne4 66. Kd3 Nxg3 67. Kc4 Ne4 68. Kb5 Kd6 69. Kxa5 Nd2 70. Kb5 Nxb3 71. a5 Nd4+ 72. Kc4 Nc6 73. a6 Na7 74. g5 Ke5 75. Kxc5 Kf5 76. Kb6 Nc8+ 77.
Kb7 Nd6+ 78. Kc6 Nc8 79. Kd7 Na7 80. Kc7 Kxg5 81. Kb6 Nc8+ 82. Kb7 Nd6+ 83. Kc7 Nb5+ 84. Kb6 Nd6 85. Kc6 Nc8 86. Kb7 Nd6+ 87. Kc7 Nb5+ 88.
Kb6 Nd6 89. a7 Nc8+ 90. Kb7 Nxa7 1/2-1/2

[Event "Early-Titled-Tuesday-Blitz-October-03-2023"]
[Site "Chess.com"]
[Date "2023.10.03"]
[Round "6"]
[White "Kirill_Klukin"]
[Black "K_A_S_T_O_R"]
[Result "1-0"]
[WhiteElo "2716"]
[BlackElo "2887"]
[TimeControl "180+1"]
[EndTime "9:08:38 PDT"]
[Termination "Kirill_Klukin won on time"]

1. d4 Nf6 2. Nf3 g6 3. e3 Bg7 4. Be2 O-O 5. O-O d6 6. c4 c5 7. b3 Nc6 8. Bb2 Bf5 9. Nc3 Rc8 10. d5 Na5 11. Nd2 a6 12. e4 Nxe4 13. Ndxe4 Bxe4 14. Nxe4 Bxb2 15. Rb1 Bg7 16. a3 Qc7 17. Qd3 b6 18. h4 h6 19. h5 f5 20. Ng3 f4 21. Ne4 g5 22. Bd1 Rf7 23. Bc2 Be5 24. Nd2 Rg7 25.
Rfe1 Rf8 26. Qe2 Nb7 27. Bg6 Nd8 28. Nf3 Bc3 29. Rec1 Bf6 30. b4 Nb7 31. Qe6+ Kh8 32.
Nh2 cxb4 33. axb4 a5 34. Ng4 axb4 35. Rxb4 Nc5 36. Qe2 Rxg6 37. hxg6 Kg7 38. Nxf6 Rxf6 39. Rcb1 f3 40. gxf3 Rxg6 41. Rxb6 Rf6 42. Rc6 Qd7 43. Re1 Rf7 44. Kg2 Qf5 45. Rd1 Nd7 46. c5 Ne5 47. cxd6 Nxc6 48. dxc6 exd6 49. Rxd6 h5 50.
Qe3 h4 51. Qd4+ Kh7 52. Qe4 Qxe4 53. fxe4 h3+ 54. Kxh3 Rxf2 55. Kg4 Rc2 56. Kxg5 Kg7 57. Kf5 Kf7 58. e5 Ke7 59. Rh6 Rf2+ 60. Ke4 Re2+ 61.
Kd5 Rd2+ 62. Kc5 Re2 63. Rh7+ Kd8 64. Kd6 Rd2+ 65. Ke6 Rc2 66. Rd7+ Kc8 67. Rd6 Kc7 68. Kf7 Rf2+ 69. Rf6 Re2 70. e6 Kxc6 71. Rf3 Kc7 72.
e7 Kd7 73. Rd3+ Kc6 74. e8=Q+ 1-0

[Event "Early-Titled-Tuesday-Blitz-October-03-2023"]
[Site "Chess.com"]
[Date "2023.10.03"]
[Round "6"]
[White "Aariow"]
[Black "Javylavilla"]
[Result "1/2-1/2"]
[WhiteElo "2492"]
[BlackElo "2369"]
[TimeControl "180+1"]
[EndTime "9:08:41 PDT"]
[Termination "Game drawn by repetition"]

1. Nf3 Nf6 2. e3 c5 3. b3 Nc6 4. Bb2 g6 5. Bb5 Bg7 6. O-O O-O 7. Bxc6 dxc6 8. h3 Qc7 9. Qe2 Rd8 10. Rd1 Bf5 11. d3 b5 12. Nbd2 a5 13. e4 Bc8 14.
Qe3 Ng4 15. hxg4 Bxb2 16. Rab1 Bg7 17. Qxc5 Bxg4 18. d4 Rac8 19. Qg5 h5 20. Nf1 Bf6 21. Qe3 Rd7 22. N1h2 Rcd8 23. e5 Bg7 24. Nxg4 hxg4 25. Nh2 Bxe5 26. Nxg4 Bxd4 27. Qh3 Qf4 28. c3 Bc5 29.
Rxd7 Rxd7 30. Nf6+ exf6 31. Qxd7 Qxf2+ 32. Kh1 Qh4+ 33. Qh3 Qe4 34. Rf1 Qe5 35. c4 Kg7 36. cxb5 cxb5 37. Qd3 Bd6 38. g3 Qh5+ 39. Kg2 Be5 40. Rh1 Qg5 41.
Rf1 f5 42. Rf3 Bf6 43. Qxb5 Qc1 44. Rf2 Qe3 45. g4 Bd4 46. Rf3 Qe4 47. gxf5 g5 48.
f6+ Kg6 49. Qd3 Qxd3 50. Rxd3 Bxf6 51. Rd5 Bc3 52. Rc5 Bb4 53. Rc6+ f6 54. Kf3 Kf5 55. Rb6 g4+ 56. Kg3 Kg5 57. Rb5+ f5 58. Rd5 Be1+ 59. Kg2 Kf4 60. Rd1 Bc3 61. Rd3 Be5 62. Rd5 Ke4 63. Rxa5 f4 64. Ra4+ Ke3 65. Ra5 f3+ 66. Kf1 Bd4 67.
Rg5 Kf4 68. Rg8 g3 69. Rf8+ Ke3 70. Rg8 Kf4 71. a4 g2+ 72. Rxg2 fxg2+ 73. Kxg2 Ke5 74. Kf3 Kd5 75. Ke2 Bc3 76. Kd3 Bb4 77. Kc2 Kc5 78.
Kd3 Ba5 79. Ke4 Bb4 80. Kd3 Ba5 81. Kc2 Bb4 82. Kd3 1/2-1/2

[Event "Early-Titled-Tuesday-Blitz-October-03-2023"]
[Site "Chess.com"]
[Date "2023.10.03"]
[Round "6"]
[White "Vaathi_Coming"]
[Black "BlueWizzard"]
[Result "1/2-1/2"]
[WhiteElo "2887"]
[BlackElo "2964"]
[TimeControl "180+1"]
[EndTime "9:08:43 PDT"]
[Termination "Game drawn - insufficient material"]

1. Nf3 c5 2. e3 d5 3. d4 cxd4 4. exd4 Nc6 5. c3 Qc7 6. h3 Nf6 7. Bd3 e5 8. dxe5 Nxe5 9. O-O Nxd3 10. Qxd3 Be7 11. Bg5 O-O 12. Nbd2 Be6 13. Nd4 h6 14. Bh4 Rae8 15. Rfe1 Bd8 16. Bg3 Qb6 17. a4 Bd7 18.
Rxe8 Rxe8 19. b4 Ne4 20. Nxe4 dxe4 21. Qc4 Qg6 22. Qd5 Bc6 23. Nxc6 Qxc6 24. Qxc6 bxc6 25. Rd1 Bf6 26. c4 e3 27. fxe3 Rxe3 28. Bf2 Rb3 29. b5 Rb4 30. Rc1 Rxa4 31. bxc6 Ra6 32. c7 Rc6 33.
Bxa7 Bg5 34. Rc2 Rxc7 35. Bb6 Rc6 36. c5 f5 37. Kf1 Kf7 38. Ke2 Ke6 39. Kd3 Kd5 40.
Kc3 Be3 41. Kb4 Rxb6+ 42. cxb6 Bxb6 43. Re2 g5 44. Kc3 h5 45. Kd3 h4 46. Re8 Bc7 47.
Ke2 Bf4 48. Kf3 Bc1 49. Ke2 Bf4 50. Kd3 Bc1 51. Rc8 Bf4 52. Rd8+ Ke5 53. Re8+ Kd5 54.
Ra8 Bc1 55. Ra5+ Ke6 56. Kc4 Kf6 57. Kd5 Bf4 58. Ra6+ Kf7 59. Ra7+ Kf6 60. Ra6+ Kf7 61. Rc6 Ke7 62. Kd4 Kf7 63. Kc5 Ke7 64. Kd5 Kf7 65.
Re6 Bc7 66. Re2 Bf4 67. Kc6 Bg3 68. Kd7 Bf4 69. Re7+ Kf6 70. Re6+ Kf7 71. Re7+ Kf6 72. Ke8 Bh2 73. Rf7+ Ke5 74. Kf8 Kf4 75. Kg7 g4 76.
Kg6 gxh3 77. gxh3 Kg3 78. Kxf5 Kxh3 79. Rg7 Bg3 80. Ke4 Kg2 81. Rh7 h3 82. Rxh3 Kxh3 1/2-1/2

[Event "Early-Titled-Tuesday-Blitz-October-03-2023"]
[Site "Chess.com"]
[Date "2023.10.03"]
[Round "6"]
[White "chesslh19"]
[Black "themind1hunter"]
[Result "0-1"]
[WhiteElo "2331"]
[BlackElo "2546"]
[TimeControl "180+1"]
[EndTime "9:08:49 PDT"]
[Termination "themind1hunter won by resignation"]

1. e4 c5 2. Nf3 Nc6 3. d4 cxd4 4. Nxd4 Nf6 5. Nc3 d6 6. Be2 e6 7.
O-O Be7 8. Be3 O-O 9. f4 a6 10. a4 Bd7 11. Nb3 Na5 12. Nxa5 Qxa5 13. Qd2 Rfc8 14. Nd5 Qxd2 15. Nxe7+ Kf8 16. Bxd2 Kxe7 17.
Bd3 d5 18. Bc3 Nxe4 19. Bxg7 f6 20. Rfe1 Kf7 21. Bh6 Kg6 22. f5+ Kxh6 23. fxe6 Bxe6 24. Bxe4 dxe4 25. Rxe4 Rc6 26. c3 Rd8 27. Rae1 Bf5 28.
Re7 Rd7 29. Re8 Rdd6 30. R8e7 b6 31. h3 Re6 32. R7xe6 Rxe6 33. Rf1 Bc2 34. Rf2 Bxa4 35. Rf4 Bb3 36. Rb4 Bc2 37. Kh2 a5 38. Rf4 f5 39.
Kg3 Kg5 40. Rd4 Be4 41. h4+ Kf6 42. Kf4 Bxg2 43. Rd8 Be4 44. Rh8 Kg7 45. Rb8 Rg6 46.
Rd8 Rg4+ 47. Ke5 Rg6 48. Rd7+ Kh6 49. h5 Kxh5 50. Rxh7+ Kg4 51. Rh8 Kf3 52. Rh3+ Ke2 53.
Rh2+ Kd3 54. Kf4 Kc4 55. Ke5 Kb3 56. Kd4 Rd6+ 57. Ke5 Rd1 58. Rh6 Rb1 59. Rxb6+ Kc2 60. b4 a4 61. Ra6 Kb3 62. b5 a3 63. b6 Ka2 64. c4 Rc1 65. Kd4 Kb3 66. c5 Rc4+ 67. Ke5 Rxc5+ 68. Kd6 Rb5 69. Kc7 a2 70. Ra7 Kb2 71. b7 Rxb7+ 72. Rxb7+ Bxb7 73. Kxb7 a1=Q 74. Kc6 f4 0-1

[Event "Early-Titled-Tuesday-Blitz-October-03-2023"]
[Site "Chess.com"]
[Date "2023.10.03"]
[Round "6"]
[White "Rozhkov_V"]
[Black "SRob2003"]
[Result "1/2-1/2"]
[WhiteElo "2447"]
[BlackElo "2608"]
[TimeControl "180+1"]
[EndTime "9:09:01 PDT"]
[Termination "Game drawn by agreement"]

1. e4 c6 2. d3 d5 3. Nd2 e5 4.
Ngf3 Qc7 5. d4 exd4 6. exd5 c5 7. Bb5+ Bd7 8. Qe2+ Be7 9. Bxd7+ Qxd7 10. O-O Qxd5 11.
c4 Qd8 12. Ne4 Kf8 13. Bf4 Nf6 14. Neg5 h6 15. Nh3 g5 16. Bxb8 Rxb8 17. Ne5 Qc8 18. Rae1 Bd6 19. f4 g4 20. Nf2 h5 21. Ne4 Nxe4 22.
Qxe4 Kg7 23. Qd5 Qe6 24. Qe4 Rbe8 25. Qxb7 Re7 26. Qc6 Bxe5 27. Qxe6 Rxe6 28. fxe5 Rhe8 29. Rf5 Kg6 30. Ref1 R8e7 31. Rf6+ Kg7 32. h3 Rxe5 33. Rc6 gxh3 34. gxh3 R7e6 35. Rc7 Re7 36. Rc6 Rg5+ 37.
Kh1 Rg3 38. Kh2 h4 39. Rxc5 Re2+ 40. Kh1 Rxh3+ 41. Kg1 Rg3+ 42. Kh1 Re7 43. Rcf5 d3 44. Rd5 h3 45. c5 Kg6 46. c6 f6 47. Rd4 Kh5 48.
Rd5+ Rg5 49. Rxd3 Kh4 50. Rd4+ Rg4 51. Rd3 Rc7 52. Rff3 Kg5 53. Rxh3 Rxc6 54. Rhg3 Rxg3 55. Rxg3+ Kf4 56. Rb3 Rc2 57. Kg1 f5 58. a4 Kg4 59.
a5 f4 60. a6 f3 61. Rb7 Kg3 62. Rg7+ Kf4 63. Kf1 Ke3 64. Re7+ Kf4 65. Rxa7 Rxb2 66. Rf7+ Ke3 67. Re7+ Kd3 68. a7 Ra2 69. Rf7 Ke3 70.
Re7+ Kf4 71. Rf7+ Ke4 72. Re7+ Kd4 73. Rf7 Ra3 74. a8=Q Rxa8 75. Rxf3 Ke4 76. Rf7 Ra1+ 77. Kf2 Ra6 78. Kg3 Rg6+ 79. Kf2 Rh6 80. Kg3 Rh8 81.
Kf2 Ke5 82. Kg3 Ke6 83. Rf1 Rg8+ 84. Kf2 Kd5 85. Ke2 Re8+ 1/2-1/2

[Event "Early-Titled-Tuesday-Blitz-October-03-2023"]
[Site "Chess.com"]
[Date "2023.10.03"]
[Round "6"]
[White "Orujov2008"]
[Black "arminmusovic"]
[Result "1-0"]
[WhiteElo "2655"]
[BlackElo "2509"]
[TimeControl "180+1"]
[EndTime "9:09:07 PDT"]
[Termination "Orujov2008 won by checkmate"]

1. e4 c5 2. Nf3 Nf6 3. Nc3 e6 4.
d4 cxd4 5. Nxd4 d5 6. Bb5+ Bd7 7.
exd5 exd5 8. O-O a6 9. Bxd7+ Qxd7 10. Re1+ Be7 11. Qe2 Nc6 12. Nxc6 bxc6 13. Bg5 Kf8 14. Rad1 h6 15. Be3 Re8 16. Qxa6 g5 17. Na4 Ng4 18.
Bc5 Qf5 19. Rxe7 Rxe7 20. Qa7 Qe5 21. Qxe7+ Qxe7 22. Re1 Qxc5 23. Nxc5 Kg7 24. f3 Nf6 25. c3 Rd8 26. Rd1 g4 27. a4 gxf3 28. gxf3 Ne8 29.
a5 Nd6 30. a6 Rb8 31. b4 Nb5 32. Rd3 Ra8 33. Kf2 Kf6 34. Ke3 Ke5 35. f4+ Kd6 36. c4 Nc7 37. cxd5 cxd5 38. Kd2 Kc6 39. Ra3 Kb6 40.
Kd3 h5 41. Ra1 Nb5 42. f5 Rg8 43. Re1 Rg4 44. Re7 Rd4+ 45. Ke3 Rxb4 46. Nd7+ Kxa6 47. Rxf7 Rh4 48. f6 Nd6 49. Rf8 Rxh2 50. Kd4 Rd2+ 51. Ke5 Nc4+ 52. Ke6 d4 53. f7 Re2+ 54. Kd5 Ne3+ 55. Kxd4 Nc2+ 56. Kd3 Rf2 57. Ra8+ Kb7 58. f8=Q Nb4+ 59. Kc4 Rxf8 60. Rxf8 Nc6 61. Nc5+ Kc7 62. Rf7+ Kc8 63. Kd5 Nd8 64. Rh7 h4 65. Kd6 h3 66.
Rh8 h2 67. Ne6 h1=Q 68. Rxh1 Nf7+ 69. Kd5 Kd7 70. Nc5+ Ke7 71. Rh7 Kf6 72. Rh4 Ng5 73.
Rh2 Kf5 74. Rf2+ Kg4 75. Ra2 Kf4 76. Ra3 Kf5 77. Ra4 Nf7 78. Ra5 Ng5 79. Nd7 Kf4 80. Ra1 Nf3 81. Rf1 Ke3 82. Ne5 Nd2 83. Ra1 Ke2 84.
Ra2 Kd1 85. Kd4 Kc1 86. Kc3 Ne4+ 87. Kd3 Nc5+ 88. Kc4 Ne6 89. Nd3+ Kb1 90. Rb2+ Ka1 91. Rh2 Ng5 92. Kc3 Ne4+ 93. Kb3 Ng3 94. Rg2 Ne2 95.
Rxe2 Kb1 96. Re1# 1-0

[Event "Early-Titled-Tuesday-Blitz-October-03-2023"]
[Site "Chess.com"]
[Date "2023.10.03"]
[Round "6"]
[White "AlexPapasimakopoulos"]
[Black "Lady_Nika"]
[Result "1-0"]
[WhiteElo "2706"]
[BlackElo "2533"]
[TimeControl "180+1"]
[EndTime "9:09:19 PDT"]
[Termination "AlexPapasimakopoulos won by checkmate"]

1. Nf3 d5 2. g3 Nf6 3. Bg2 g6 4. c4 c6 5. O-O Bg7 6. d4 O-O 7. Ne5 Nbd7 8. Nc3 e6 9. Bg5 h6 10. Nxd7 Bxd7 11. Bxf6 Qxf6 12. cxd5 exd5 13. e3 h5 14. b4 a6 15. Na4 Rae8 16. Nc5 Bc8 17. a4 h4 18. b5 axb5 19. axb5 Bh6 20. Qf3 Qg5 21. bxc6 bxc6 22. Ra7 Bg4 23. Qf4 h3 24. Qxg5 Bxg5 25. Bh1 Rb8 26. Nd7 Bxd7 27. Rxd7 Rb2 28. Bf3 f5 29. Rc1 Rf6 30. Rc7 Rb6 31. R7xc6 Rfxc6 32. Bxd5+ Kg7 33. Bxc6 Be7 34. Bf3 Rb2 35. Bd5 Rd2 36.
Bc4 g5 37. g4 f4 38. Bf1 fxe3 39. fxe3 Bd6 40. Bxh3 Bxh2+ 41. Kf1 Bg3 42. Bg2 Rf2+ 43. Kg1 Re2 44. e4 Bf4 45. Rd1 Be3+ 46. Kh1 Kf6 47. e5+ Ke6 48. Bf3 Rf2 49. Be4 Bxd4 50. Rxd4 Kxe5 51. Ra4 Kf4 52. Bc6+ Kg3 53. Kg1 Rc2 54.
Bb5 Rc1+ 55. Bf1 Re1 56. Rb4 Ra1 57. Rb3+ Kxg4 58. Kf2 Ra2+ 59. Be2+ Kf4 60. Rb4+ Kf5 61. Ke3 Ra3+ 62. Bd3+ Ke5 63. Rb5+ Kf6 64. Rf5+ Ke6 65.
Rxg5 Kd6 66. Kd4 Ra1 67. Rg6+ Ke7 68. Rb6 Re1 69. Kd5 Rd1 70. Ke4 Re1+ 71. Kf5 Rf1+ 72.
Ke5 Ra1 73. Rb7+ Kd8 74. Kd6 Kc8 75. Rc7+ Kb8 76. Rc3 Rg1 77. Rb3+ Ka7 78. Kc6 Rc1+ 79. Kd6 Rc8 80. Be4 Rc1 81. Bc6 Ka6 82. Kc7 Rc5 83.
Rb4 Ra5 84. Rh4 Ra1 85. Rb4 Ka5 86. Rb5+ Ka6 87. Rb8 Rc1 88. Ra8# 1-0